 Dungeon Crawl Stone Soup version 0.22.0-49-gab54619 (webtiles) character file.

1962 inc the Skirmisher (level 9, -11/93 HPs)
             Began as an Ogre Fire Elementalist on Sept 5, 2018.
             Was a Believer of Okawaru.
             Mangled by Harold
             ... wielding a cursed -3 battleaxe
              (18 damage)
             ... on level 7 of the Dungeon.
             The game lasted 00:11:56 (7269 turns).

inc the Skirmisher (Ogre Fire Elementalist)         Turns: 7269, Time: 00:11:56

Health: -11/93     AC: 12    Str: 14    XL:     9   Next: 19%
Magic:  2/12       EV: 18    Int: 19    God:    Okawaru [**....]
Gold:   260        SH:  0    Dex: 14    Spells: 4/12 levels left

rFire    + . .     SeeInvis .   n - +2 flail (protect)
rCold    . . .     Gourm    .   (no shield)
rNeg     . . .     Faith    .   v - +1 robe of Heus {rF+}
rPois    .         Spirit   .   (helmet restricted)
rElec    .         Reflect  .   b - +0 cloak
rCorr    +         Harm     .   (gloves unavailable)
MR       .....                  (boots unavailable)
Stlth    +++.......             (no amulet)
HPRegen  0.25/turn              l - +3 ring of evasion
MPRegen  0.13/turn              p - ring of resist corrosion

@: agile, protection aura
A: large, unfitting armour, tough skin 1
a: Heroism, Renounce Religion


You were on level 7 of the Dungeon.
You worshipped Okawaru.
Okawaru was pleased with you.
You were very hungry.

You visited 1 branch of the dungeon, and saw 7 of its levels.

You collected 260 gold pieces.

Inventory:

Hand Weapons
 e - a +0 mace
 j - a +0 flail
 k - a +0 giant club
 n - a +2 flail of protection (weapon)
 B - a +1 whip of flaming
 C - a +0 giant spiked club
Armour
 a - a +0 robe
 b - a +0 cloak (worn)
 v - the +1 robe of Heus (worn) {rF+}
   (You found it on level 5 of the Dungeon)

   It protects you from fire.
Jewellery
 l - a +3 ring of evasion (left hand)
 p - a ring of resist corrosion (right hand)
 D - an uncursed ring of teleportation
Wands
 u - a wand of acid (6)
 w - a wand of flame (25)
Scrolls
 f - 2 scrolls of immolation {unknown}
 i - 2 scrolls of remove curse
 m - a scroll of fog {unknown}
 o - 4 scrolls of amnesia
 r - 5 scrolls of teleportation
 s - a scroll of magic mapping {unknown}
 x - a scroll of noise {unknown}
 y - a scroll of enchant weapon {unknown}
 E - 2 scrolls of identify
 F - a scroll of enchant armour {unknown}
Potions
 d - 8 potions of curing
 g - 2 potions of agility
 h - 4 potions of lignification
 q - 3 potions of flight
 t - a potion of berserk rage {unknown}
 z - a potion of heal wounds {unknown}
 A - a potion of haste {unknown}
 G - 2 potions of cancellation {unknown}
Comestibles
 c - 14 rations


   Skills:
 + Level 7.5 Fighting
 + Level 4.3 Maces & Flails
 - Level 1.7 Dodging
 - Level 1.4 Stealth
 - Level 2.4 Spellcasting
 - Level 5.5 Conjurations
 - Level 4.8 Fire Magic
 - Level 4.6 Invocations


You had 4 spell levels left.
You knew the following spells:

 Your Spells              Type           Power        Failure   Level  Hunger
a - Flame Tongue          Conj/Fire      ###..        1%          1    #......
b - Conjure Flame         Conj/Fire      ###.....     6%          3    ###....
c - Sticky Flame          Conj/Fire      ###.....     19%         4    #####..

Your spell library contained the following spells:

 Spells                   Type           Power        Failure   Level  Hunger
 Throw Flame              Conj/Fire      ###...       3%          2    ##.....
 Inner Flame              Hex/Fire       ##......     19%         3    ###....
 Fireball                 Conj/Fire      ###.......   47%         5    ######.


Dungeon Overview and Level Annotations

Branches:
Dungeon (7/15)
 Temple: D:4-7

Altars:
Cheibriados
Elyvilon
Fedhas
Gozag
Hepliaklqana
Nemelex Xobeh
Okawaru
Qazlal
Ru
Sif Muna
Xom
Zin
The Shining One

Shops:
D:5 %   D:7 *

Annotations:
D:5 Blork the orc, Grinder
D:7 Harold


Innate Abilities, Weirdness & Mutations

You are too large for most types of armour.
You have tough skin. (AC +1)


Message History

Harold is nearby!
Level annotation: Harold Welcome back, inc the Ogre Fire Elementalist.
Okawaru says: Bring me glory in combat!
Press ? for a list of commands and other information.
Okay, then.
Cast which spell? (? or * to list)
You don't have enough magic to cast that spell.
You hit Harold but do no damage.
Harold is heavily wounded.
Harold closely misses you.
You hit Harold but do no damage.
Harold is heavily wounded.
Harold hits you with an enchanted battleaxe!
* * * LOW HITPOINT WARNING * * *
You hit Harold.
Harold is severely wounded.
Harold says, "Listen, it's nothing personal.
It's just a job."
Harold hits you with an enchanted battleaxe!!
You die...

.# #######.## #........+
#.....<..# #..##...#
#..##...# +..(....#
#..##.@@#
##..##...#......>#
#...###+##.......#
#........+.......#
#........#.......#
#...##'###.......#
#...#............# ##
#####..#..........(.#
.######.###..#.........>..#


You could see Harold.

Vanquished Creatures
  Pikel (D:6)
  Menkaure (D:6)
  Edmund (D:5)
  A water moccasin (D:5)
  A sky beast (D:5)
  3 slaves (D:6)
  3 ogres
  3 centaurs
  A big kobold (D:7)
  2 bullfrog zombies
  A crimson imp (D:6)
  2 orc priests (D:3)
  A hound (D:7)
  A jelly (D:6)
  2 orc wizards
  An iguana (D:7)
  2 worker ants (D:5)
  A hound skeleton (D:4)
  A mummy (D:7)
  A howler monkey zombie (D:6)
  4 gnolls (D:3)
  7 adders
  An ooze (D:3)
  An adder skeleton (D:5)
  2 worms (D:3)
  2 dart slugs
  A leopard gecko (D:4)
  19 orcs
  3 giant cockroaches
  5 goblins
  6 hobgoblins
  10 jackals
  10 bats
  5 frilled lizards
  A giant cockroach zombie (D:5)
  A jackal zombie (D:6)
  4 kobolds
  A quokka skeleton (D:4)
  7 rats
120 creatures vanquished.

Notes
Turn   | Place    | Note
-------+----------+-------------------------------------------
     0 | D:1      | inc the Ogre Fire Elementalist began the quest for the Orb.
     0 | D:1      | Reached XP level 1. HP: 16/16 MP: 3/3
     1 | D:1      | Reached skill level 1 in Conjurations
   233 | D:1      | Reached XP level 2. HP: 24/24 MP: 0/5
   773 | D:2      | Found a sparkling altar of Nemelex Xobeh.
   774 | D:2      | Found an opulent altar of Gozag.
   939 | D:2      | Reached XP level 3. HP: 9/31 MP: 0/6
  1212 | D:2      | Found a hazy altar of Hepliaklqana.
  1229 | D:2      | Reached XP level 4. HP: 39/39 MP: 3/7
  1624 | D:3      | Noticed an ogre
  1909 | D:3      | Reached XP level 5. HP: 38/45 MP: 0/8
  2460 | D:3      | Found a blossoming altar of Fedhas.
  2570 | D:3      | Killed an ogre
  2570 | D:3      | Reached XP level 6. HP: 18/53 MP: 0/9
  2983 | D:3      | Found a deep blue altar of Sif Muna.
  3339 | D:3      | Reached skill level 5 in Conjurations
  3400 | D:3      | Found an iron altar of Okawaru.
  3406 | D:3      | Became a worshipper of Warmaster Okawaru
  3653 | D:4      | Learned a level 3 spell: Conjure Flame
  3658 | D:4      | Learned a level 4 spell: Sticky Flame
  3866 | D:4      | Found a sacrificial altar of Ru.
  4497 | D:5      | Entered Level 5 of the Dungeon
  4497 | D:5      | Found Xawnut's Food Shop.
  4563 | D:5      | Got a steaming robe
  4574 | D:5      | Identified the cursed +1 robe of Heus {rF+} (You found it
                  | on level 5 of the Dungeon)
  4663 | D:5      | Found a shimmering altar of Xom.
  4664 | D:5      | Found a shimmering altar of Xom.
  4664 | D:5      | Found a shimmering altar of Xom.
  4665 | D:5      | Found a shimmering altar of Xom.
  4665 | D:5      | Found a shimmering altar of Xom.
  4665 | D:5      | Found a shimmering altar of Xom.
  4666 | D:5      | Found a shimmering altar of Xom.
  4679 | D:5      | Reached XP level 7. HP: 59/59 MP: 6/10
  4833 | D:5      | Found an iron altar of Okawaru.
  4854 | D:5      | Reached skill level 2 in Fighting
  4862 | D:5      | Reached * piety under Okawaru
  4862 | D:5      | Reached skill level 3 in Fighting
  5166 | D:5      | Noticed Grinder
  5316 | D:5      | Noticed Blork the orc
  5431 | D:6      | Noticed Menkaure
  5441 | D:6      | Killed Menkaure
  5441 | D:6      | Reached skill level 4 in Fighting
  5441 | D:6      | Reached skill level 1 in Maces & Flails
  5556 | D:6      | Reached XP level 8. HP: 79/79 MP: 6/11
  5622 | D:6      | Noticed Pikel
  5815 | D:6      | Killed Pikel
  5815 | D:6      | Reached skill level 6 in Fighting
  6027 | D:6      | Found a stormy altar of Qazlal.
  6115 | D:6      | Noticed Edmund
  6139 | D:5      | Killed Edmund
  6600 | D:6      | Found a white marble altar of Elyvilon.
  6600 | D:6      | Found a glowing golden altar of the Shining One.
  6600 | D:6      | Found a glowing silver altar of Zin.
  6655 | D:6      | Reached XP level 9. HP: 66/92 MP: 6/12
  6785 | D:7      | Found a snail-covered altar of Cheibriados.
  6863 | D:7      | Found Booruuqi's General Store.
  6930 | D:7      | Reached skill level 7 in Fighting
  7063 | D:7      | Reached ** piety under Okawaru
  7235 | D:7      | Noticed Harold
  7269 | D:7      | Mangled by Harold

Skill      XL: |  1  2  3  4  5  6  7  8  9 |
---------------+----------------------------+-----
Conjurations   | 1 3 4 5 |  5.5
Fire Magic     | 3 4 |  4.8
Fighting       | 4 6 7 |  7.5
Maces & Flails | 1 3 4 |  4.3
Invocations    | 4 |  4.6
Dodging        | |  1.7
Stealth        | |  1.4
Spellcasting   | |  2.4

Action                   |  1- 3 |  4- 6 |  7- 9 || total
-------------------------+-------+-------+-------++-------
Melee: Mace              |     9 |    12 |       ||    21
       Unarmed           |     1 |       |       ||     1
       Flail             |       |     8 |    93 ||   101
 Cast: Flame Tongue      |    40 |   163 |    85 ||   288
       Sticky Flame      |       |       |    15 ||    15
       Conjure Flame     |       |       |     3 ||     3
Invok: Heroism           |       |       |     2 ||     2
  Use: Scroll            |       |     1 |     6 ||     7
       Potion            |       |       |     1 ||     1
  Eat: Chunk             |       |     8 |     3 ||    11
       Ration            |       |     1 |     3 ||     4
Armor: Robe              |    12 |    37 |    37 ||    86
Dodge: Dodged            |    26 |    59 |    86 ||   171
